 Dungeon Crawl Stone Soup version 0.26-a0-863-g3bff4b215c (webtiles) character file.

Game seed: 3067492330940269567

5706 reriks the Blocker (level 10, -14/91 HPs)
             Began as a Minotaur Fighter on Nov 26, 2020.
             Was a Priest of Qazlal.
             Demolished by a two-headed ogre
             ... wielding a +0 giant spiked club
              (20 damage)
             ... on level 9 of the Dungeon.
             The game lasted 00:06:58 (7384 turns).

reriks the Blocker (Minotaur Fighter)               Turns: 7384, Time: 00:06:58

Health: -14/91     AC: 18    Str: 23    XL:     10   Next: 48%
Magic:  9/9        EV:  8    Int:  5    God:    Qazlal [***...]
Gold:   261        SH: 25    Dex: 17    Spells: 9/9 levels left

rFire    . . .     SeeInvis .   a - +1 war axe
rCold    . . .     Faith    .   h - +3 tower shield
rNeg     . . .     Spirit   .   C - +0 plate armour {MR+}
rPois    .         Reflect  .   v - +1 hat
rElec    .         Harm     .   A - +0 cloak
rCorr    .         Rampage  .   r - +0 pair of gloves
MR       +....                  (no boots)
Stlth    ..........             n - amulet of regeneration
HPRegen  0.65/turn              t - +6 ring of dexterity
MPRegen  0.11/turn              q - ring of flight

@: no status effects
A: retaliatory headbutt, horns 2
a: Upheaval, Elemental Force, Renounce Religion, Evoke Flight


You were on level 9 of the Dungeon.
You worshipped Qazlal.
Qazlal was most pleased with you.
You visited 2 branches of the dungeon, and saw 10 of its levels.

You collected 489 gold pieces.
You spent 228 gold pieces at shops.

Inventory:

Hand Weapons
 a - a +1 war axe (weapon)
Armour
 h - a +3 tower shield (worn)
 r - a +0 pair of gloves (worn)
 v - a +1 hat (worn)
 A - a +0 cloak (worn)
 C - a +0 plate armour of magic resistance (worn)
Jewellery
 n - an amulet of regeneration (around neck)
 q - a ring of flight (right hand)
 t - a +6 ring of dexterity (left hand)
 G - an uncursed ring of positive energy {unknown}
Wands
 m - a wand of flame (16)
 s - a wand of iceblast (9)
 w - a wand of disintegration (3)
 y - a wand of digging (5)
 D - a wand of acid (6)
Scrolls
 b - a scroll of fear
 f - a scroll of remove curse
 u - 3 scrolls of teleportation
 B - a scroll of amnesia
 E - 2 scrolls of identify
Potions
 c - a potion of heal wounds {unknown}
 d - a potion of might
 e - a potion of brilliance {unknown}
 g - 3 potions of invisibility
 i - a potion of attraction
 j - 2 potions of degeneration
 k - a potion of flight
 l - 2 potions of curing {unknown}
 p - 2 potions of berserk rage
 x - 4 potions of mutation
 z - 3 potions of haste
 F - a potion of lignification {unknown}


   Skills:
 + Level 9.2 Fighting
 + Level 8.8 Axes
 + Level 9.2 Armour
 + Level 7.6 Dodging
 + Level 9.3 Shields


You had 9 spell levels left.
You didn't know any spells.
Your spell library contained the following spells:

 Spells                   Type           Power        Failure   Level
 Animate Skeleton         Necr           #.....       100%        1
 Apportation              Tloc           #.....       100%        1
 Corona                   Hex            #......      100%        1
 Summon Small Mammal      Summ           #...         100%        1


Dungeon Overview and Level Annotations

Branches:
Dungeon (9/15)             Temple (1/1) D:5
   Lair: D:8-11         Orc: D:9-12

Altars:
Ashenzari
Cheibriados
Dithmenos
Elyvilon
Fedhas
Gozag
Hepliaklqana
Kikubaaqudgha
Makhleb
Nemelex Xobeh
Okawaru
Qazlal
Ru
Sif Muna
Trog
Uskayaw
Vehumet
Wu Jian
Xom
Yredelemnul
Zin
The Shining One

Shops:
D:5 }[:   D:7 ?   D:8 (

Annotations:
D:6 3 runed translucent doors, swinepaste's ghost, novice DsMo


Innate Abilities, Weirdness & Mutations

You reflexively headbutt those who attack you in melee.
You have a pair of horns on your head.


Message History

You are too injured to fight recklessly!
You block the troll's attack. The troll completely misses you.
You block the troll's attack.
The two-headed ogre is engulfed in freezing vapours.
There is a stone staircase leading up here.
You slash the two-headed ogre!
The two-headed ogre is almost dead.
You hit the troll. You block the troll's attack. The troll claws you.
You block the troll's attack.
The two-headed ogre hits you with a +0 giant spiked club!
The two-headed ogre hits you with a cursed +0 giant club!
* * * LOW HITPOINT WARNING * * *
You slash the two-headed ogre!
The two-headed ogre is almost dead.
You closely miss the troll. You block the troll's attack. x2
The troll claws you but does no damage.
The two-headed ogre hits you with a +0 giant spiked club!!
* * * LOW HITPOINT WARNING * * *
The two-headed ogre hits you with a cursed +0 giant club!!
You die...

## ..
####.#...
##......#
##))....#
###T.†##
#.@O...#
#...§#.##
#.....##
#..#.#.#
#..####...
.... ...
.##.? .###
##. #


You could see a two-headed ogre and a troll.

Vanquished Creatures
  A two-headed ogre (D:8)
  An ugly thing (D:8)
  Maggie (D:6)
  Eustachio (D:3)
  Menkaure (D:4)
  3 ice beasts
  2 sky beasts
  4 phantoms
  3 orc warriors
  A necrophage (D:5)
  3 ogres
  2 centaurs
  A big kobold (D:8)
  8 bullfrogs
  Blork the orc (D:4)
  A wyvern zombie (D:9)
  4 scorpions (D:8)
  5 killer bees (D:7)
  A howler monkey (D:8)
  A bullfrog zombie (D:6)
  A centaur zombie (D:5)
  A gnoll shaman (D:8)
  2 hounds
  2 jellies
  6 orc wizards
  Crazy Yiuf (D:3)
  6 orc priests
  4 centaur skeletons
  2 bullfrog skeletons (D:8)
  3 iguanas
  Natasha (thrice) (D:2)
  6 worker ants
  3 hound skeletons
  3 gnolls (D:8)
  2 howler monkey skeletons
  7 adders
  3 white imps
  2 oozes
  4 ufetubi
  2 adder zombies
  An adder skeleton (D:5)
  A worm (D:4)
  2 dart slugs
  5 leopard geckos
  27 orcs
  3 bats
  3 giant cockroaches
  7 goblins
  7 hobgoblins
  11 jackals
  12 kobolds
  5 quokkas
  5 frilled lizards
  5 rats
  A spectral orc (D:5)
203 creatures vanquished.

Vanquished Creatures (others)
  A quokka (D:5)
1 creature vanquished.

Grand Total: 204 creatures vanquished

Notes
Turn   | Place    | Note
-------+----------+-------------------------------------------
     0 | D:1      | reriks the Minotaur Fighter began the quest for the Orb.
     0 | D:1      | Reached XP level 1. HP: 19/19 MP: 0/0
   364 | D:1      | Reached XP level 2. HP: 25/27 MP: 1/1
   952 | D:2      | Reached skill level 1 in Dodging
   991 | D:2      | Noticed Natasha
  1000 | D:2      | Killed Natasha
  1001 | D:2      | Reached XP level 3. HP: 22/33 MP: 2/2
  1638 | D:2      | Noticed Natasha
  1646 | D:2      | Killed Natasha
  1647 | D:2      | Reached XP level 4. HP: 24/40 MP: 3/3
  1962 | D:2      | Noticed Natasha
  1967 | D:2      | Killed Natasha
  2127 | D:3      | Reached XP level 5. HP: 47/47 MP: 4/4
  2194 | D:3      | Found a runed translucent door.
  2195 | D:3      | Noticed Crazy Yiuf
  2279 | D:3      | Found a hide-covered altar of Uskayaw.
  2279 | D:3      | Noticed a +0 dagger
  2280 | D:3      | Noticed a +0 hand axe
  2747 | D:3      | Killed Crazy Yiuf
  2840 | D:4      | Noticed Eustachio
  2840 | D:4      | Noticed an ogre
  2866 | D:3      | Killed Eustachio
  2867 | D:3      | Reached skill level 5 in Fighting
  2867 | D:3      | Reached skill level 5 in Shields
  2867 | D:3      | Reached XP level 6. HP: 56/56 MP: 5/5
  3021 | D:4      | Reached skill level 5 in Armour
  3109 | D:4      | Reached XP level 7. HP: 59/61 MP: 6/6
  3153 | D:4      | Noticed Blork the orc
  3156 | D:4      | Killed Blork the orc
  3163 | D:4      | Found a shimmering blue altar of Sif Muna.
  3256 | D:4      | Noticed Menkaure
  3262 | D:4      | Killed Menkaure
  3263 | D:4      | Reached skill level 5 in Axes
  3559 | D:5      | Entered Level 5 of the Dungeon
  3559 | D:5      | Found a staircase to the Ecumenical Temple.
  3568 | D:5      | Found Hyxzy's Antique Armour Emporium.
  3587 | Temple   | Entered the Ecumenical Temple
  3656 | Temple   | Became a worshipper of Qazlal Stormbringer
  3723 | D:5      | Found a white marble altar of Elyvilon.
  3738 | D:5      | Reached XP level 8. HP: 47/70 MP: 7/7
  3877 | D:5      | Found a basalt altar of Yredelemnul.
  4049 | D:5      | Found a blossoming altar of Fedhas.
  4143 | D:5      | Found Ebesuqo's Book Emporium.
  4150 | D:5      | Found Citil's Gadget Shoppe.
  4456 | D:6      | Reached skill level 5 in Dodging
  4695 | D:6      | Noticed Maggie
  4711 | D:6      | Killed Maggie
  4711 | D:6      | Reached * piety under Qazlal
  4712 | D:6      | Reached XP level 9. HP: 25/79 MP: 8/8
  5018 | D:6      | Found a runed translucent gate.
  5018 | D:6      | Found a runed translucent gate.
  5018 | D:6      | Found a runed translucent gate.
  5019 | D:6      | Noticed a kobold demonologist
  5019 | D:6      | Noticed swinepaste's ghost (novice DsMo)
  5801 | D:7      | Reached ** piety under Qazlal
  6106 | D:7      | Found Ehiefos's Magic Scroll Emporium.
  6111 | D:7      | Bought a scroll of enchant armour for 90 gold pieces
  6111 | D:7      | Bought a scroll of identify for 24 gold pieces
  6111 | D:7      | Bought a scroll of identify for 24 gold pieces
  6111 | D:7      | Bought a scroll of enchant armour for 90 gold pieces
  6650 | D:8      | Noticed a purple ugly thing
  6658 | D:8      | Killed a purple ugly thing
  6675 | D:8      | Found a snail-covered altar of Cheibriados.
  6683 | D:8      | Reached XP level 10. HP: 90/90 MP: 9/9
  6742 | D:8      | Found an opulent altar of Gozag.
  6794 | D:8      | Reached *** piety under Qazlal
  6798 | D:8      | Found an iron altar of Okawaru.
  6908 | D:8      | Found Xuiheme's Weapon Boutique.
  6941 | D:8      | Found a broken altar of Ashenzari.
  6965 | D:8      | Noticed a two-headed ogre
  6970 | D:8      | Killed a two-headed ogre
  7367 | D:9      | Noticed a two-headed ogre
  7384 | D:9      | Demolished by a two-headed ogre

Illustrated notes

Levels and vault maps discovered:
D:1:      tarquinn_simple_flora_water_c, layout_basic
D:2:      layout_basic, uniq_natasha
D:3:      layout_loops_ring, dancing_weapons_uskayaw, uniq_crazy_yiuf_cottage
D:4:      layout_basic, tgw_sif, uniq_eustachio, uniq_menkaure
D:5:      layout_loops_cross, marbit_many_paths, elyvilon_altar_4,
          yredelemnul_forgotten_temple_becter, minmay_temple_entry_stoned_glass,
          serial_shops, shop, shop_statue, shop
D:6:      cheibrodos_helix_gallery, layout_loops_corners,
          gammafunk_ghost_nasty_kobolds, minmay_parallelograms, uniq_maggie
D:7:      layout_loops_ring, serial_shops, shop_scrolls
D:8:      layout_basic, grunt_gozag_breadcrumbs, okawaru_gym_becter,
          evilmike_ruin_ashenzari, old_standard_altar, serial_shops, shop,
          minmay_alternating_orb
D:9:      layout_layer_cave, david_lair_shrubbed, serial_shops, shop
Temple:   nicolae_temple_great_sept

Skill      XL: |  1  2  3  4  5  6  7  8  9 10 |
---------------+-------------------------------+-----
Dodging        | 1 2 3 4 5 6 7 |  7.6
Fighting       | 4 5 6 7 8 9 |  9.2
Axes           | 3 4 5 6 8 |  8.8
Armour         | 4 5 6 7 8 9 |  9.2
Shields        | 4 5 6 7 8 9 |  9.3

Action                   |  1- 3 |  4- 6 |  7- 9 | 10-12 || total
-------------------------+-------+-------+-------+-------++-------
Melee: War axe           |    81 |   115 |   335 |    85 ||   616
       Headbutt          |     9 |    23 |    99 |    22 ||   153
Evoke: Wand              |       |     2 |     3 |       ||     5
  Use: Scroll            |       |     2 |    14 |     1 ||    17
Armor: Scale mail        |    22 |       |       |       ||    22
       Plate armour      |    11 |    58 |   131 |    28 ||   228
Dodge: Dodged            |    14 |     7 |    56 |    20 ||    97
Block: Tower shield      |    44 |   108 |   286 |   129 ||   567
       Kite shield       |     4 |       |       |       ||     4

Table legend: (Time is in decaauts)
 A = Elapsed time spent in this place.
 B = Non-inter-level travel time spent in this place.
 C = Inter-level travel time spent in this place.
 D = Time resting spent in this place.
 E = Time spent auto-exploring this place.
 F = Levels seen in this place.
 G = Mean time per level.
                   A        B        C        D        E       F      G
               +--------+--------+--------+--------+--------+-----+--------+
         Total |   7606 |   7267 |    339 |    945 |   4894 |  10 |  760.6 |
       Dungeon |   7526 |   7196 |    330 |    945 |   4829 |   9 |  836.2 |
        Temple |     79 |     70 |      9 |      0 |     65 |   1 |   79.0 |
               +--------+--------+--------+--------+--------+-----+--------+

Top non-repeatable levels by time:
     D:2: 1282 daAuts
     D:6: 1049 daAuts
     D:8: 974 daAuts
     D:7: 971 daAuts
     D:3: 956 daAuts
     D:5: 835 daAuts
     D:1: 830 daAuts
     D:4: 602 daAuts
  Temple: 79 daAuts
     D:9: 23 daAuts
